 Dungeon Crawl Stone Soup version 0.17-a0-1914-gde4187c (webtiles) character file.

21 pk666 the Magician (level 2, 0/15 HPs)
             Began as a Deep Elf Wizard on Sept 26, 2015.
             Slain by a jackal (2 damage)
             ... on level 1 of the Dungeon.
             The game lasted 00:02:17 (826 turns).

pk666 the Magician (Deep Elf Wizard)                 Turns: 826, Time: 00:02:18

Health: 0/15       AC:  2    Str:  4    XL:     2   Next: 62%
Magic:  0/10       EV: 12    Int: 22    God:
Gold:   53         SH:  0    Dex: 13    Spells: 1 memorised, 10 levels left

rFire  . . .     SeeInvis .     g - +0 dagger
rCold  . . .     Clarity  .     a - +0 robe
rNeg   . . .     SustAt   .     (no shield)
rPois  .         Gourm    .     b - +0 hat
rElec  .         Spirit   .     (no cloak)
rCorr  .         Warding  .     (no gloves)
rMut   .         Stasis   .     (no boots)
MR     .....                    (no amulet)
Stlth  ++........               (no ring)
                                (no ring)

@: very slightly contaminated, not resistant to hostile enchantments, unstealthy
A: no striking features
a: no special abilities


You were on level 1 of the Dungeon.
You were not hungry.

You visited 1 branch of the dungeon, and saw 2 of its levels.

You collected 53 gold pieces.

Inventory:

Hand weapons
 g - a +0 dagger (weapon)
Armour
 a - a +0 robe (worn)
 b - a +0 hat (worn)
Scrolls
 i - 3 scrolls of teleportation {unknown}
 l - a scroll of amnesia {unknown}
 m - a scroll of identify {unknown}
 n - a scroll of recharging {unknown}
Potions
 e - a potion of might
 f - 3 potions of curing
 h - 2 potions of brilliance {unknown}
 j - a potion of mutation {unknown}
 k - a potion of beneficial mutation {unknown}
Books
 c - a book of Minor Magic

   Spells                             Type                      Level
   a - Magic Dart                     Conjuration                  1
   b - Blink                          Translocation                2
   c - Call Imp                       Summoning                    2
   d - Repel Missiles                 Charms/Air                   2
   e - Slow                           Hexes                        2
   f - Conjure Flame                  Conjuration/Fire             3
   g - Mephitic Cloud                 Conjuration/Poison/Air       3
Comestibles
 d - a bread ration
 o - 3 chunks of flesh


   Skills:
 - Level 2.4 Dodging
 - Level 2.4 Stealth
 + Level 5.1 Spellcasting
 + Level 2.1 Conjurations
   Level 1.1 Summonings
   Level 1.1 Translocations


You had 10 spell levels left.
You knew the following spells:

 Your Spells              Type           Power        Failure   Level  Hunger
z - Magic Dart            Conj           ##..         6%          1    None


Dungeon Overview and Level Annotations

Branches:
Dungeon (2/15)

Altars:


Message History

The jackal barely misses you. The jackal bites you.
* * * LOW HITPOINT WARNING * * *
Casting: Magic Dart
Confirm with . or Enter, or press ? or * to list all spells.
Aiming: Magic Dart
Press: ? - help, Shift-Dir - straight line, f/p - jackal
Aim: a jackal (lightly wounded)
The magic dart hits the jackal.
The jackal is moderately wounded.
The jackal bites you.
* * * LOW HITPOINT WARNING * * *
The jackal closely misses you.
You hit the jackal but do no damage.
The jackal is moderately wounded.
The jackal completely misses you.
You hit the jackal but do no damage.
The jackal is moderately wounded.
The jackal bites you.
You die...

#.# #..###.###..# #.####....
######.# #.###.##
##.###.####.... .......#
#.##.## ##....##......
.####### #....# #.#####..#...
.# #..#.## ##.####...#... .#
#.....## ##.###...###.#. ##
######..###.###.## #.#.....#.
#
#................###.##..###.
#
#.####..###.@........##......
#
#.##........h....###.##.#..##
#
#.##.#..####..#.####.##......
# #.##.#..#
#...............#.
#####.#.....##
#.##.#######.####.
.............###.##.# #.#####
#####.#...#.........# #......
### #.##.###.###>#### #.#####
..# #............# #.#


You could see a jackal.

Vanquished Creatures
  An adder (D:2)
  A giant cockroach (D:1)
  2 goblins (D:1)
  2 jackals (D:2)
  A bat (D:1)
  A giant newt (D:1)
  3 kobolds
  A rat (D:2)
12 creatures vanquished.

Notes
Turn   | Place    | Note
--------------------------------------------------------------
     0 | D:1      | pk666 the Deep Elf Wizard began the quest for the Orb.
     0 | D:1      | Reached XP level 1. HP: 10/10 MP: 7/7
   665 | D:2      | Reached XP level 2. HP: 15/15 MP: 6/9
   678 | D:2      | Reached skill level 5 in Spellcasting
   826 | D:1      | Slain by a jackal

Vault maps used:
D:1:      moated_graveyard_arrival, hangedman_abyss_or_decor_stabs
D:2:      nicolae_overflow_crystal_walls, uniq_terence

Action                   || total
-------------------------++-------
Melee: Dagger            ||     4
 Cast: Magic Dart        ||    38
  Use: Potion            ||     2
